 Dungeon Crawl Stone Soup version 0.31-a0-175-g9f7f995f2b (webtiles) character file.

Game seed: 1101221389796446419

34165 qw the Marksgargoyle (level 13, 0/84 HPs)
             Began as a Gargoyle Hunter on June 17, 2023.
             Was a High Priest of Okawaru.
             Slain by a dream sheep (2 damage)
             ... on level 5 of the Lair of Beasts.
             The game lasted 00:05:13 (12752 turns).

qw the Marksgargoyle (Gargoyle Hunter)             Turns: 12752, Time: 00:05:13

Health: 0/84       AC: 21    Str: 20    XL:     13   Next: 75%
Magic:  20/20      EV: 18    Int: 10    God:    Okawaru [*****.]
Gold:   817        SH:  5    Dex: 17    Spells: 12/12 levels left

rFire   + . .        Y - +3 arbalest (drain)
rCold   + + .        (shield currently unavailable)
rNeg    + + .        k - +4 robe of Patience {Str+4}
rPois   inf          o - +0 helmet
rElec   +            a - scarf {rC+ rF+}
rCorr   .            u - +1 pair of gloves of Hedge Wizardry {rPois rC+}
SInv    .            c - +0 pair of boots
Will    .....        g - amulet of reflection
Stlth   +++          n - ring of positive energy
HPRegen 0.34/turn    (no ring)
MPRegen 0.17/turn

%: reflection
@: heroic
A: sickness immunity, AC +9, negative energy resistance 1, electricity
resistance, torment resistance 1, petrification resistance
a: Renounce Religion, Heroism, Finesse, Duel


You were on level 5 of the Lair of Beasts.
You worshipped Okawaru.
Okawaru was extremely pleased with you.
You visited 3 branches of the dungeon, and saw 14 of its levels.
You also visited: Sewer.

You collected 927 gold pieces.
You spent 110 gold pieces at shops.


Innate Abilities, Weirdness & Mutations

You are immune to sickness and miasma.
Your stone body is resilient. (AC +9)
You are immune to poison.
You resist negative energy. (rN+)
You are resistant to electric shocks. (rElec)
You are resistant to unholy torment.
You are immune to petrification.


   Skills:
 - Level 11.0(16.0) Fighting
 + Level 17.4(22.4) Ranged Weapons
 - Level 4.1(9.1) Armour
 - Level 6.1(11.1) Dodging
 - Level 1.1(6.1) Stealth
 - Level 10.0 Invocations


You had 12 spell levels left.
You didn't know any spells.
Your spell library was empty.

Inventory:

Hand Weapons
 p - a +0 orcbow
 Y - a +3 arbalest of draining (weapon)
Armour
 a - a scarf of resistance (worn)
 b - a +1 robe of fire resistance
 c - a +0 pair of boots (worn)
 j - a +0 cloak
 k - the +4 robe of Patience (worn) {Str+4}
   (You found it on level 6 of the Dungeon)

   Str:       It affects your strength (+4).
 o - a +0 helmet (worn)
 r - +0 acid dragon scales
 u - the +1 pair of gloves of Hedge Wizardry (worn) {rPois rC+}
   (You found it on level 2 of the Lair of Beasts)

   rC:        It protects you from cold.
   rPois:     It protects you from poison.
Jewellery
 g - an amulet of reflection (around neck)
 n - a ring of positive energy (left hand)
Wands
 i - a wand of digging (3)
Scrolls
 e - 2 scrolls of identify
Potions
 d - 2 potions of enlightenment
 f - a potion of magic
 h - a potion of might
 l - 3 potions of haste
 m - a potion of cancellation
 q - 2 potions of mutation
 s - 5 potions of curing
 w - a potion of attraction

Dungeon Overview and Level Annotations

Branches:
Dungeon (8/15)             Temple (1/1) D:6            Lair (5/5) D:8
  Swamp (0/4) Lair:3       Spider (0/4) Lair:3        Sewer (visited)
  Slime: Lair:4-5

Altars:
Ashenzari
Cheibriados
Dithmenos
Elyvilon
Fedhas
Gozag
Hepliaklqana
Kikubaaqudgha
Nemelex Xobeh
Okawaru
Qazlal
Ru
Sif Muna
Trog
Vehumet
Wu Jian
Xom
Yredelemnul
Zin
The Shining One

Shops:
D:2 [((

Annotations:
Lair:1 1 runed translucent door


Message History

The dream sheep misses you.
You shoot a bolt. The bolt hits the dream sheep!!!
You kill the dream sheep!
Okawaru accepts your kill. The dream sheep bites you.
The dream sheep completely misses you. The dream sheep closely misses you.
The dream sheep bites you but does no damage.
You shoot a bolt. The bolt hits the dream sheep!!
You kill the dream sheep!
Okawaru accepts your kill. The dream sheep completely misses you.
The dream sheep bites you.
The dream sheep bites you but does no damage.
You shoot a bolt. The bolt hits the dream sheep.
You drain the dream sheep.
The dream sheep is heavily wounded.
The dream sheep bites you but does no damage. x2
The dream sheep closely misses you.
You shoot a bolt. The bolt hits the dream sheep.
You drain the dream sheep.
The dream sheep is almost dead.
The dream sheep barely misses you. The dream sheep closely misses you. x2
You shoot a bolt.
The bolt completely misses the dream sheep.
The dream sheep bites you! You block the dream sheep's attack.
The dream sheep bites you but does no damage.
The dream sheep barely misses you.
You shoot a bolt. The bolt hits the dream sheep!
You kill the dream sheep!
Okawaru accepts your kill.
The dream sheep bites you but does no damage.
The dream sheep barely misses you.
The dream sheep bites you but does no damage.
You shoot a bolt. The bolt hits the dream sheep!!
You kill the dream sheep!
Okawaru accepts your kill. The dream sheep misses you.
The dream sheep bites you but does no damage.
You shoot a bolt. The bolt hits the dream sheep!!
You kill the dream sheep!
Okawaru accepts your kill. The dream sheep bites you.
You die...

..###.. ...
#P..#P.....#
#..........
##.^......# .
#.......#.## ...
#........#.#..P.
P.........~~~.~.
......%Y%..~##~~
P...#.@%..~#
#....%%....~~~
#..........~~~~
#...#...#..~#~~
#..##..##P..# ~
#..# #... ~.~~~
#.. .... ~~~ ##
.... .#~


You could see a dream sheep.

Vanquished Creatures
  3 catoblepae
  2 hydras
  Erica (Lair:1)
  A death yak (Lair:1)
  A skyshark (Lair:4)
  2 sea snakes (Lair:5)
  2 lindwurms
  Pikel (D:7)
  2 harpies (Lair:5)
  15 elephants
  Joseph (D:7)
  2 black mambas
  10 cane toads
  A torpor snail (Lair:1)
  3 komodo dragons
  4 rime drakes
  A meliai (Lair:3)
  A troll (D:8)
  4 polar bears
  2 hornets (Lair:5)
  14 blink frogs
  5 dream sheep (Lair:5)
  A snapping turtle (Lair:5)
  15 yaks
  3 wyverns
  4 steam dragons
  A human (Lair:1)
  9 vampire mosquitoes (Lair:3)
  A death yak simulacrum (Lair:4)
  Menkaure (D:7)
  An acid dragon (D:8)
  7 water moccasins
  2 orc warriors (D:8)
  5 ice beasts
  2 sky beasts
  A black bear (D:4)
  2 centaurs (D:7)
  6 wolves
  A phantom (D:6)
  3 lemures (D:7)
  A kobold brigand (D:8)
  7 bullfrogs
  3 cane toad simulacra (Lair:4)
  4 scorpions
  14 wights (D:8)
  5 killer bees (Lair:3)
  2 hounds
  7 jellies
  7 orc priests
  4 iguanas
  Ijyb (D:5)
  14 orc wizards
  A sleepcap (D:5)
  2 polar bear simulacra (Lair:4)
  7 adders
  4 river rats (Sewer)
  A white imp (D:6)
  2 worms (D:2)
  25 orcs
  7 ball pythons
  13 endoplasms
  5 giant cockroaches
  5 goblins
  6 hobgoblins
  14 jackals
  A quokka (D:4)
  9 bats
  7 frilled lizards
  15 kobolds
  4 rats
340 creatures vanquished.

Vanquished Creatures (others)
  An orc (D:5)
1 creature vanquished.

Grand Total: 341 creatures vanquished

Notes
Turn   | Place    | Note
-------+----------+-------------------------------------------
     0 | D:1      | qw the Gargoyle Hunter began the quest for the Orb.
     0 | D:1      | Reached XP level 1. HP: 12/12 MP: 1/1
     0 | D:1      | 0 ||| qw: Version: 0.3-a-3-g30531e4
     0 | D:1      | 0 ||| qw: Game counter: 408
     0 | D:1      | 0 ||| qw: Always use a shield: true
     0 | D:1      | 0 ||| qw: God list: Okawaru
     0 | D:1      | 0 ||| qw: Allow faded altars: false
     0 | D:1      | 0 ||| qw: Do Orc after D:15 true
     0 | D:1      | 0 ||| qw: Do second Lair branch before Depths: true
     0 | D:1      | 0 ||| qw: Lair rune preference: random
     0 | D:1      | 0 ||| qw: Plans: Normal, Zot:1-4, Slime:5, God:TSO, Crypt,
                  | Tomb, Abyss, Pan, Hells, Win
     0 | D:1      | 0 ||| PLANNING D:1-11
    94 | D:1      | Reached XP level 2. HP: 16/17 MP: 2/2
   878 | D:1      | 878 ||| READING scroll labelled ZAOBRE COPTU.
   979 | D:1      | 979 ||| READING scroll labelled CUBECLUITZ.
   980 | D:1      | 980 ||| DROPPING scroll of butterflies.
  1071 | D:2      | Reached XP level 3. HP: 21/21 MP: 3/3
  1108 | D:2      | Found Ylius's Antique Weapon Emporium.
  1146 | D:2      | Found Qeip's Weapon Shoppe.
  1161 | D:2      | Reached skill level 5 in Ranged Weapons
  1460 | D:2      | Found Sueh's Armour Shop.
  1464 | D:2      | 1464 ||| BUYING +0 cloak (58 gold).
  1464 | D:2      | Bought a +0 cloak for 58 gold pieces
  1464 | D:2      | 1464 ||| BUYING +0 ring mail (52 gold).
  1464 | D:2      | Bought a +0 ring mail for 52 gold pieces
  1464 | D:2      | 1464 ||| SHOPLISTING +0 swamp dragon scales (650 gold, have
                  | 58).
  1464 | D:2      | 1464 ||| SHOPLISTING +2 cloak of Uboaps {Int+9} (525 gold,
                  | have 58).
  1538 | D:2      | Reached XP level 4. HP: 27/27 MP: 4/4
  1553 | D:2      | Reached skill level 3 in Fighting
  1693 | D:2      | 1693 ||| UPGRADING to +0 cloak.
  1698 | D:2      | 1698 ||| UPGRADING to +0 ring mail.
  1708 | D:2      | 1708 ||| DROPPING +0 leather armour.
  1709 | D:2      | 1709 ||| UPGRADING to amulet of reflection.
  1714 | D:2      | 1714 ||| DROPPING amulet of guardian spirit.
  1715 | D:2      | 1715 ||| READING scroll labelled WUOLET QYPSYING.
  1715 | D:2      | Identified a scroll of acquirement
  1715 | D:2      | 1715 ||| ACQUIRING +2 arbalest of draining
  1715 | D:2      | Acquired a +2 arbalest of draining
  1717 | D:2      | 1717 ||| SWAPPING to +2 arbalest of draining.
  1718 | D:2      | 1718 ||| READING 2 scrolls labelled WADDEQOGECW.
  1721 | D:2      | 1721 ||| READING 2 scrolls labelled QUSHEI OTIDEH.
  1722 | D:2      | 1722 ||| DRINKING 4 green potions.
  1831 | D:3      | Found a faded altar of an unknown god.
  1831 | D:3      | Found a stormy altar of Qazlal.
  1839 | D:3      | Found a basalt altar of Yredelemnul.
  1841 | D:3      | Found a radiant altar of Vehumet.
  1843 | D:3      | Found a white marble altar of Elyvilon.
  1894 | D:3      | Found a hazy altar of Hepliaklqana.
  1903 | D:3      | Reached skill level 1 in Armour
  1952 | D:3      | Found a shimmering blue altar of Sif Muna.
  2226 | D:3      | Found an ornate altar of the Wu Jian Council.
  2233 | D:3      | 2233 ||| UPGRADING to +0 pair of boots.
  2238 | D:3      | 2238 ||| READING 2 scrolls of identify.
  2238 | D:3      | 2238 ||| IDENTIFYING viscous inky potion
  2253 | D:4      | 2253 ||| PLANNING SEWER
  2255 | D:4      | Reached XP level 5. HP: 32/32 MP: 5/5
  2257 | D:4      | Noticed a black bear
  2262 | D:4      | Reached skill level 6 in Ranged Weapons
  2265 | D:4      | Killed a black bear
  2266 | D:4      | Reached XP level 6. HP: 28/39 MP: 6/6
  2278 | D:4      | HP: 7/39 [something (4)]
  2414 | D:4      | Found a glowing drain.
  2415 | D:4      | 2415 ||| READING 2 scrolls of identify.
  2415 | D:4      | 2415 ||| IDENTIFYING emerald potion
  2431 | Sewer    | Entered a sewer
  2560 | Sewer    | Reached skill level 7 in Ranged Weapons
  2568 | Sewer    | Reached XP level 7. HP: 44/44 MP: 7/7
  2604 | Sewer    | Found a viscous altar of Jiyva.
  2636 | Sewer    | 2636 ||| DRINKING 2 fizzy amethyst potions.
  2637 | Sewer    | 2637 ||| READING 2 scrolls of identify.
  2637 | Sewer    | 2637 ||| IDENTIFYING viscous red potion
  2652 | D:4      | 2652 ||| PLANNING D:1-11
  2925 | D:4      | 2925 ||| READING scroll labelled PUAFOBL EQONI.
  2926 | D:4      | 2926 ||| READING scroll labelled CAELEE TUKANTO.
  2952 | D:5      | Entered Level 5 of the Dungeon
  3041 | D:5      | 3041 ||| Stepping ~*~*~tactically~*~*~ (outnumbered).
  3046 | D:5      | Reached skill level 8 in Ranged Weapons
  3226 | D:5      | Reached XP level 8. HP: 38/49 MP: 8/8
  3308 | D:5      | Noticed Ijyb
  3311 | D:5      | Killed Ijyb
  3447 | D:5      | HP: 5/49 [steam dragon/ball of steam (20)]
  3448 | D:5      | 3448 ||| READING scroll of teleportation.
  3449 | D:5      | 3449 ||| DRINKING potion of heal wounds.
  3452 | D:5      | HP: 3/49 [steam dragon (4)]
  3963 | D:5      | 3963 ||| UPGRADING to +0 steam dragon scales.
  3973 | D:5      | 3973 ||| DROPPING +0 ring mail.
  3974 | D:5      | 3974 ||| UPGRADING to ring of positive energy.
  3975 | D:5      | 3975 ||| READING scroll labelled GOMAJU XAKYSA.
  3976 | D:5      | 3976 ||| READING scroll labelled VIXECK HOGHONG.
  3977 | D:5      | 3977 ||| READING 3 scrolls of identify.
  3977 | D:5      | 3977 ||| IDENTIFYING fizzy clear potion
  4048 | D:6      | Reached skill level 9 in Ranged Weapons
  4201 | D:6      | 4201 ||| READING 2 scrolls of identify.
  4201 | D:6      | 4201 ||| IDENTIFYING bubbling cyan potion
  4258 | D:6      | Identified the +4 robe of Patience {Str+4}
  4609 | D:6      | Found a staircase to the Ecumenical Temple.
  4610 | D:6      | 4610 ||| PLANNING TEMPLE
  4610 | D:6      | 4610 ||| UPGRADING to +4 robe of Patience {Str+4}.
  4620 | D:6      | 4620 ||| DROPPING +0 steam dragon scales.
  4621 | D:6      | 4621 ||| READING 2 scrolls labelled YROGUS LUGYALY.
  4622 | D:6      | 4622 ||| READING scroll labelled XENWEAS MALELU.
  4623 | D:6      | 4623 ||| DROPPING scroll of blinking.
  4631 | Temple   | Entered the Ecumenical Temple
  4632 | Temple   | 4632 ||| PLANNING OKAWARU WORSHIP
  4898 | Temple   | Became a worshipper of Warmaster Okawaru
  4899 | Temple   | 4899 ||| PLANNING D:1-11
  4955 | D:6      | Identified the +0 leather armour of the Armadillo {Rampage
                  | rPois Int-3}
  4990 | D:6      | Reached skill level 6 in Fighting
  5290 | D:6      | 5290 ||| DROPPING +0 leather armour of the Armadillo
                  | {Rampage rPois Int-3}.
  5326 | D:7      | 5326 ||| PLANNING OSSUARY
  5432 | D:7      | 5432 ||| DROPPING +0 shortbow.
  5457 | D:7      | Noticed Joseph
  5460 | D:7      | 5460 ||| FLEEEEING.
  5461 | D:7      | 5461 ||| FLEEEEING.
  5462 | D:7      | 5462 ||| FLEEEEING.
  5463 | D:7      | 5463 ||| FLEEEEING.
  5464 | D:7      | 5464 ||| FLEEEEING.
  5465 | D:7      | 5465 ||| STAIRDANCE
  5585 | D:7      | 5585 ||| STAIRDANCE
  5690 | D:7      | 5690 ||| STAIRDANCE
  5743 | D:7      | 5743 ||| STAIRDANCE
  5767 | D:7      | 5767 ||| STAIRDANCE
  5797 | D:7      | 5797 ||| STAIRDANCE
  5868 | D:7      | Killed Joseph
  5868 | D:7      | Reached * piety under Okawaru
  5869 | D:7      | Reached skill level 10 in Ranged Weapons
  5869 | D:7      | Reached XP level 9. HP: 55/55 MP: 9/9
  5871 | D:7      | 5871 ||| INVOKING Heroism.
  5881 | D:7      | 5881 ||| STAIRDANCE
  5897 | D:6      | 5897 ||| INVOKING Heroism.
  5901 | D:6      | Reached skill level 1 in Invocations
  6016 | D:7      | 6016 ||| RIP OSSUARY
  6017 | D:7      | 6017 ||| PLANNING D:1-11
  6120 | D:7      | 6120 ||| DROPPING +1 heavy shortbow.
  6161 | D:7      | Noticed Pikel
  6162 | D:7      | 6162 ||| INVOKING Heroism.
  6171 | D:7      | Noticed Menkaure
  6173 | D:7      | Killed Pikel
  6175 | D:7      | 6175 ||| INVOKING Heroism.
  6177 | D:7      | Killed Menkaure
  6421 | D:7      | 6421 ||| UPGRADING to scarf of resistance.
  6431 | D:7      | 6431 ||| READING scroll labelled TAIXUZXONEM.
  6432 | D:7      | 6432 ||| READING 2 scrolls of identify.
  6432 | D:7      | 6432 ||| IDENTIFYING fizzy golden potion
  6481 | D:8      | 6481 ||| INVOKING Heroism.
  6495 | D:8      | Reached skill level 3 in Invocations
  6568 | D:8      | Noticed a troll
  6569 | D:8      | 6569 ||| INVOKING Heroism.
  6573 | D:8      | Killed a troll
  6574 | D:8      | Noticed a polar bear
  6583 | D:8      | Killed a polar bear
  6583 | D:8      | Reached ** piety under Okawaru
  6584 | D:8      | Reached skill level 11 in Ranged Weapons
  6584 | D:8      | Reached XP level 10. HP: 30/63 MP: 11/13
  6590 | D:8      | 6590 ||| FLEEEEING.
  6593 | D:8      | 6593 ||| FLEEEEING.
  6594 | D:8      | 6594 ||| FLEEEEING.
  6595 | D:8      | 6595 ||| FLEEEEING.
  6596 | D:8      | 6596 ||| FLEEEEING.
  6597 | D:8      | 6597 ||| FLEEEEING.
  6598 | D:8      | 6598 ||| FLEEEEING.
  6602 | D:8      | 6602 ||| DRINKING potion of curing.
  6602 | D:8      | 6602 ||| (to cure confusion)
  6603 | D:8      | 6603 ||| FLEEEEING.
  6604 | D:8      | 6604 ||| FLEEEEING.
  6605 | D:8      | 6605 ||| FLEEEEING.
  6606 | D:8      | 6606 ||| FLEEEEING.
  6607 | D:8      | 6607 ||| FLEEEEING.
  6608 | D:8      | 6608 ||| FLEEEEING.
  6609 | D:8      | 6609 ||| FLEEEEING.
  6610 | D:8      | 6610 ||| FLEEEEING.
  6611 | D:8      | 6611 ||| FLEEEEING.
  6612 | D:8      | 6612 ||| FLEEEEING.
  6613 | D:8      | 6613 ||| FLEEEEING.
  6614 | D:8      | 6614 ||| FLEEEEING.
  6615 | D:8      | 6615 ||| FLEEEEING.
  6616 | D:8      | 6616 ||| FLEEEEING.
  6617 | D:8      | 6617 ||| FLEEEEING.
  6618 | D:8      | 6618 ||| FLEEEEING.
  6619 | D:8      | 6619 ||| FLEEEEING.
  6620 | D:8      | 6620 ||| FLEEEEING.
  6621 | D:8      | 6621 ||| FLEEEEING.
  6623 | D:8      | 6623 ||| FLEEEEING.
  6624 | D:8      | 6624 ||| FLEEEEING.
  6625 | D:8      | 6625 ||| FLEEEEING.
  6636 | D:8      | 6636 ||| FLEEEEING.
  6637 | D:8      | 6637 ||| FLEEEEING.
  6638 | D:8      | 6638 ||| FLEEEEING.
  6639 | D:8      | 6639 ||| FLEEEEING.
  6640 | D:8      | 6640 ||| FLEEEEING.
  6641 | D:8      | 6641 ||| FLEEEEING.
  6647 | D:8      | 6647 ||| FLEEEEING.
  6648 | D:8      | 6648 ||| FLEEEEING.
  6649 | D:8      | 6649 ||| FLEEEEING.
  6650 | D:8      | 6650 ||| FLEEEEING.
  6651 | D:8      | 6651 ||| FLEEEEING.
  6652 | D:8      | 6652 ||| FLEEEEING.
  6654 | D:8      | 6654 ||| STAIRDANCE
  6871 | D:8      | 6871 ||| INVOKING Heroism.
  7030 | D:8      | 7030 ||| Stepping ~*~*~tactically~*~*~ (outnumbered).
  7036 | D:8      | 7036 ||| INVOKING Heroism.
  7038 | D:8      | 7038 ||| Stepping ~*~*~tactically~*~*~ (outnumbered).
  7051 | D:8      | 7051 ||| INVOKING Heroism.
  7077 | D:8      | Reached skill level 12 in Ranged Weapons
  7137 | D:8      | 7137 ||| INVOKING Heroism.
  7188 | D:8      | 7188 ||| Stepping ~*~*~tactically~*~*~ (outnumbered).
  7216 | D:8      | 7216 ||| INVOKING Heroism.
  7453 | D:8      | Found a staircase to the Lair.
  7722 | D:8      | 7722 ||| INVOKING Heroism.
  7747 | D:8      | 7747 ||| PLANNING LAIR
  7747 | D:8      | 7747 ||| READING scroll labelled BONUIGI ZIPH.
  7748 | D:8      | 7748 ||| READING scroll labelled VEYGOU TU NACIPE.
  7805 | Lair:1   | Entered Level 1 of the Lair of Beasts
  7814 | Lair:1   | Reached *** piety under Okawaru
  7815 | Lair:1   | Reached skill level 13 in Ranged Weapons
  7877 | Lair:1   | Noticed a catoblepas
  7878 | Lair:1   | 7878 ||| INVOKING Heroism.
  7889 | Lair:1   | Killed a catoblepas
  7890 | Lair:1   | Reached skill level 9 in Fighting
  7944 | Lair:1   | Noticed a death yak
  7944 | Lair:1   | Noticed a catoblepas
  7945 | Lair:1   | 7945 ||| INVOKING Heroism.
  7952 | Lair:1   | Killed a death yak
  7953 | Lair:1   | Reached XP level 11. HP: 22/71 MP: 12/14
  7953 | Lair:1   | HP: 9/71 [catoblepas (13)]
  7957 | Lair:1   | Killed a catoblepas
  8225 | Lair:1   | 8225 ||| INVOKING Heroism.
  8381 | Lair:1   | 8381 ||| INVOKING Heroism.
  8387 | Lair:1   | Reached skill level 14 in Ranged Weapons
  8388 | Lair:1   | Noticed Erica
  8392 | Lair:1   | Killed Erica
  8392 | Lair:1   | Reached **** piety under Okawaru
  8396 | Lair:1   | 8396 ||| INVOKING Heroism.
  8428 | Lair:1   | 8428 ||| INVOKING Heroism.
  8450 | Lair:1   | 8450 ||| INVOKING Heroism.
  8804 | Lair:1   | Found a runed translucent door.
  9127 | Lair:1   | Noticed a tentacled starspawn
  9128 | Lair:1   | 9128 ||| READING 2 scrolls of identify.
  9128 | Lair:1   | 9128 ||| IDENTIFYING smoky yellow potion
  9129 | Lair:1   | 9129 ||| DROPPING potion of ambrosia.
  9180 | Lair:2   | 9180 ||| INVOKING Heroism.
  9264 | Lair:2   | 9264 ||| INVOKING Heroism.
  9272 | Lair:2   | Reached skill level 6 in Invocations
  9282 | Lair:2   | 9282 ||| INVOKING Heroism.
  9405 | Lair:2   | Reached XP level 12. HP: 76/77 MP: 16/16
  9417 | Lair:2   | 9417 ||| INVOKING Heroism.
  9554 | Lair:2   | Reached skill level 15 in Ranged Weapons
  9576 | Lair:2   | Reached ***** piety under Okawaru
  9617 | Lair:2   | Identified the +1 pair of gloves of Hedge Wizardry {rPois
                  | rC+}
  9626 | Lair:2   | Received a gift from Okawaru
 10028 | Lair:2   | Received a gift from Okawaru
 10248 | Lair:2   | 10248 ||| UPGRADING to +1 pair of gloves of Hedge Wizardry
                  | {rPois rC+}.
 10253 | Lair:2   | 10253 ||| READING 2 scrolls of identify.
 10253 | Lair:2   | 10253 ||| IDENTIFYING fuming white potion
 10254 | Lair:2   | 10254 ||| DROPPING potion of degeneration.
 10331 | Lair:3   | Found a hole to the Spider Nest.
 10332 | Lair:3   | 10332 ||| INVOKING Heroism.
 10433 | Lair:3   | 10433 ||| INVOKING Heroism.
 10446 | Lair:3   | Reached skill level 9 in Invocations
 10524 | Lair:3   | 10524 ||| INVOKING Heroism.
 10629 | Lair:3   | Noticed a six-headed hydra
 10630 | Lair:3   | 10630 ||| INVOKING Heroism.
 10640 | Lair:3   | Killed a six-headed hydra
 10661 | Lair:3   | 10661 ||| FLEEEEING.
 10665 | Lair:3   | 10665 ||| FLEEEEING.
 10666 | Lair:3   | 10666 ||| FLEEEEING.
 10667 | Lair:3   | 10667 ||| FLEEEEING.
 10668 | Lair:3   | 10668 ||| FLEEEEING.
 10669 | Lair:3   | 10669 ||| FLEEEEING.
 10670 | Lair:3   | 10670 ||| FLEEEEING.
 10671 | Lair:3   | 10671 ||| FLEEEEING.
 10680 | Lair:3   | 10680 ||| INVOKING Heroism.
 10822 | Lair:3   | 10822 ||| INVOKING Heroism.
 10824 | Lair:3   | Reached skill level 16 in Ranged Weapons
 10829 | Lair:3   | HP: 16/77 [vampire mosquito (6)]
 10830 | Lair:3   | 10830 ||| READING scroll of teleportation.
 10936 | Lair:3   | 10936 ||| INVOKING Heroism.
 11045 | Lair:3   | Found a shadowy altar of Dithmenos.
 11118 | Lair:3   | Found a staircase to the Swamp.
 11143 | Lair:3   | Reached XP level 13. HP: 84/84 MP: 20/20
 11294 | Lair:3   | Reached skill level 3 in Armour
 11604 | Lair:3   | 11604 ||| UPGRADING to +0 helmet.
 11609 | Lair:3   | 11609 ||| READING scroll labelled GYLUIHEEQO.
 11610 | Lair:3   | 11610 ||| DRINKING 2 silvery potions.
 11847 | Lair:4   | 11847 ||| INVOKING Heroism.
 11904 | Lair:4   | 11904 ||| INVOKING Heroism.
 11905 | Lair:4   | 11905 ||| INVOKING Finesse.
 12138 | Lair:4   | Found a frozen archway.
 12332 | Lair:4   | 12332 ||| DROPPING ring of flight.
 12350 | Lair:5   | Entered Level 5 of the Lair of Beasts
 12360 | Lair:5   | 12360 ||| STAIRDANCE
 12365 | Lair:4   | 12365 ||| INVOKING Heroism.
 12484 | Lair:5   | 12484 ||| INVOKING Heroism.
 12491 | Lair:5   | Reached skill level 17 in Ranged Weapons
 12511 | Lair:5   | 12511 ||| INVOKING Heroism.
 12526 | Lair:5   | 12526 ||| Stepping ~*~*~tactically~*~*~ (water).
 12531 | Lair:5   | 12531 ||| Stepping ~*~*~tactically~*~*~ (water).
 12543 | Lair:5   | 12543 ||| INVOKING Heroism.
 12667 | Lair:5   | 12667 ||| INVOKING Heroism.
 12668 | Lair:5   | 12668 ||| Stepping ~*~*~tactically~*~*~ (water).
 12678 | Lair:5   | Received a gift from Okawaru
 12679 | Lair:5   | Reached skill level 6 in Dodging
 12700 | Lair:5   | 12700 ||| INVOKING Heroism.
 12729 | Lair:5   | 12729 ||| INVOKING Heroism.
 12732 | Lair:5   | HP: 20/84 [elephant (4)]
 12733 | Lair:5   | 12733 ||| READING scroll of teleportation.
 12739 | Lair:5   | HP: 17/84 [dream sheep (5)]
 12744 | Lair:5   | HP: 9/84 [dream sheep (2)]
 12749 | Lair:5   | HP: 1/84 [dream sheep (7)]
 12752 | Lair:5   | Slain by a dream sheep

Levels and vault maps discovered:
D:1:      giann_forest_graveyard, layout_basic
D:2:      layout_basic, serial_shops, nicolae_shop_just_a_little_nook,
          nicolae_shop_advertising_works [nicolae_subvault_shop_adworks],
          shop_coins
D:3:      layout_basic, nzn_wu_jian_council_hall, led_sif_pool,
          chequers_temple_overflow_minitemple, mainiacjoe_overflow_alcove_2
D:4:      layout_rooms, cheibrodos_sewer_entry_sluice, minmay_bisected
D:5:      layout_loops_ring, serial_aquarium, aquarium_bridge_straight
          [aquarium_subvault_bridge, aquarium_subvault_wall,
          aquarium_subvault_bridge, aquarium_subvault_wall],
          aquarium_window_corner, aquarium_window_fake, aquarium_view_2a,
          grunt_ministairs_14, uniq_ijyb
D:6:      layout_basic, minmay_temple_entry_crystal_x, serial_co_window_serial,
          co_window_paths_b, co_window_paths_a, co_window_paths_a,
          co_window_paths_b, co_window_paths_a, co_window_corner_a,
          co_window_paths_a, co_window_unsneaky_path_c, co_window_2corner,
          co_window_broadway_c, co_window_broadway_b, co_window_2corner,
          co_window_corner_b, co_window_paths_d, minivault_1, st_stairs_8
D:7:      layout_gridville, enter_ossuary_2, uniq_menkaure, uniq_pikel,
          uniq_joseph
D:8:      layout_basic, hellmonk_lair_entry_icy, minmay_liquid_box
Temple:   compressed_dpeg_triangle_lava_temple
Lair:1:   layout_small_grid, pdpol_lair_cabin_in_the_woods,
          serial_bayou_shore_b, uniq_erica
Lair:2:   layout_concentric_octagons, enter_volcano_4,
          chequers_serial_rivers_micro_b
Lair:3:   layout_concentric_octagons, minmay_swamp_entry_swarm,
          hellmonk_spider_entry_not_the_bees, basic_altar
Lair:4:   hellmonk_destroyed_diamonds, layout_hall_layers,
          portal_ice_cave_entry_ice_simulacra
Lair:5:   gammafunk_lair_ancient_temple, layout_loops_ring,
          minmay_slime_entry_oklob_open

Skill      XL: |  1  2  3  4  5  6  7  8  9 10 11 12 13 |
---------------+----------------------------------------+-----
Ranged Weapons | 5 6 7 8 10 11 13 14 16 17 | 17.4
Fighting       | 3 4 5 6 7 9 10 11 | 11.0
Armour         | 1 2 4 |  4.1
Dodging        | 2 4 5 6 |  6.1
Invocations    | 4 6 10 | 10.0
Stealth        | |  1.1

Action                     |  1- 3 |  4- 6 |  7- 9 | 10-12 | 13-15 || total
---------------------------+-------+-------+-------+-------+-------++-------
   Fire: Shortbow          |   117 |     5 |       |       |       ||   122
         Arbalest          |       |   113 |   198 |   469 |   234 ||  1014
 Invoke: Heroism           |       |       |     6 |    24 |     9 ||    39
         Finesse           |       |       |       |       |     1 ||     1
    Use: Scroll            |     2 |     5 |    12 |     5 |     2 ||    26
         Potion            |       |     1 |     2 |     1 |     1 ||     5
 Armour: Leather armour    |    20 |       |       |       |       ||    20
         Ring mail         |       |    50 |    49 |       |       ||    99
         Robe              |       |       |    60 |   159 |    83 ||   302
         Steam dragon scal |       |       |     4 |       |       ||     4
  Dodge: Dodged            |    43 |    44 |    82 |   267 |   167 ||   603
  Block: Other             |       |     9 |    24 |    92 |    51 ||   176
         Reflection        |       |       |     3 |     3 |     1 ||     7

Table legend:
 A = Non-vault XP
 B = Vault XP
 C = Vault XP percentage of total XP
 D = Non-vault monster count
 E = Vault monster count
 F = Vault count percentage of total count
                 A         B        C        D         E       F
            +---------+---------+-------+---------+---------+-------
      Total |   33312 |   15764 |  32.1 |     248 |      90 |  26.6
            +---------+---------+-------+---------+---------+-------
        D:1 |      29 |       0 |   0.0 |      19 |       0 |   0.0
        D:2 |      56 |       0 |   0.0 |      21 |       0 |   0.0
        D:3 |      57 |       0 |   0.0 |      18 |       0 |   0.0
        D:4 |     319 |     120 |  27.3 |      16 |       5 |  23.8
        D:5 |     529 |     153 |  22.4 |      15 |       3 |  16.7
        D:6 |     456 |      83 |  15.4 |      10 |       1 |   9.1
        D:7 |     441 |    1284 |  74.4 |      11 |       3 |  21.4
        D:8 |    2652 |    1511 |  36.3 |      48 |       8 |  14.3
     Lair:1 |    4763 |    2570 |  35.0 |      17 |       4 |  19.0
     Lair:2 |   10131 |       0 |   0.0 |      31 |       0 |   0.0
     Lair:3 |    5615 |    2227 |  28.4 |      15 |      15 |  50.0
     Lair:4 |    4796 |     483 |   9.1 |      15 |       6 |  28.6
     Lair:5 |    3468 |    7041 |  67.0 |      12 |      18 |  60.0
      Sewer |       0 |     292 | 100.0 |       0 |      27 | 100.0
            +---------+---------+-------+---------+---------+-------
